[Event "Titled Tuesday Blitz November 22 Late 2022"]
[White "Bongo Akanga Ndjila, Barthelemy"]
[Black "Mikhalsky, Vladimir"]
[WhiteFideId "10609431"]
[BlackFideId "14144352"]
[WhiteElo "1768"]
[BlackElo "2271"]
[Result "0-1"]
[Round "05"]
[TimeControl "180+1"]
[Date "2022.11.23"]
[WhiteClock "0:00:02"]
[BlackClock "0:00:18"]

1. d4 Nf6 2. c4 g6 3. Nc3 Bg7 4. e4 O-O 5. Be2 d6 6. Nf3 e5 7. O-O Nc6 8. d5 Ne7 9. Ne1 Nd7 10. Nc2 f5 11. exf5 gxf5 12. f4 Kh8 13. Be3 a5 14. Kh1 Ng6 15. g3 exf4 16. gxf4 Nc5 17. Bd4 Re8 18. Qd2 Bd7 19. Bxg7+ Kxg7 20. Rg1 Qf6 21. Nd4 Ne4 22. Nxe4 Rxe4 23. Rad1 Kh8 24. Rgf1 Rae8 25. Bh5 Qh4 26. Bxg6 hxg6 27. Qf2 Qxf2 28. Rxf2 Re1+ 29. Rxe1 Rxe1+ 30. Kg2 Re4 31. Nb5 Rxc4 32. Nc3 b5 33. Kh3 b4 34. Ne2 Kg7 35. Kh4 Bc8 36. Kg5 Bb7 37. Ng3 Bxd5 38. Re2 Kf7 39. Rd2 c6 40. Re2 Rc1 41. h3 Bxa2 42. h4 Bd5 43. Re3 Rg1 44. h5 gxh5 45. Kxh5 Rxg3 46. Rxg3 a4 47. Re3 c5 48. Kg5 c4 49. Kxf5 c3 50. bxc3 b3 51. Re1 a3 52. c4 Bxc4 53. Re3 b2 54. Rc3 b1=Q+ 0-1


[Site "https://www.chess.com"]

[Event "Titled Tuesday Blitz November 22 Late 2022"]
[White "Boruchovsky, Avital"]
[Black "Goroshkov, Maksym"]
[WhiteFideId "2800055"]
[BlackFideId "14142716"]
[WhiteElo "2458"]
[BlackElo "2257"]
[Result "1-0"]
[Round "05"]
[TimeControl "180+1"]
[Date "2022.11.22"]
[WhiteClock "0:01:03"]
[BlackClock "0:00:19"]

1. c4 Nf6 2. Nc3 e5 3. Nf3 d6 4. g3 Be7 5. Bg2 O-O 6. d4 exd4 7. Nxd4 c5 8. Nc2 Nc6 9. O-O Be6 10. b3 Qc7 11. Bb2 Rad8 12. Ne3 Nd4 13. Ncd5 Bxd5 14. Nxd5 Nxd5 15. Bxd5 Bf6 16. Rb1 Qe7 17. Bxd4 Bxd4 18. e3 Bf6 19. b4 b6 20. h4 Bc3 21. a3 g6 22. h5 Bg7 23. Kg2 Qg5 24. Rh1 Rd7 25. hxg6 hxg6 26. Qf3 Re7 27. Rh4 Qf6 28. Rf4 Qc3 29. Rh1 Qxa3 30. Qg4 Re5 31. Qxg6 Rxd5 32. Rh8+ Kxh8 33. Rh4+ Rh5 34. Rxh5+ Kg8 35. Qh7# 1-0


[Site "https://www.chess.com"]

[Event "Titled Tuesday Blitz November 22 Late 2022"]
[White "Boyer, Mahel"]
[Black "Ivic, Velimir"]
[WhiteFideId "45102422"]
[BlackFideId "950122"]
[WhiteElo "2454"]
[BlackElo "2625"]
[Result "0-1"]
[Round "05"]
[TimeControl "180+1"]
[Date "2022.11.22"]
[WhiteClock "0:00:03"]
[BlackClock "0:00:16"]

1. e3 Nf6 2. Ke2 g6 3. Kf3 Bg7 4. Ke2 O-O 5. Ke1 d5 6. d4 Nc6 7. Nf3 Ne4 8. Bb5 Qd6 9. c4 dxc4 10. Nbd2 Bf5 11. Qa4 e5 12. Nxc4 Qb4+ 13. Bd2 Nxd2 14. Ncxd2 Qxa4 15. Bxa4 exd4 16. e4 Rfe8 17. Bxc6 bxc6 18. Ke2 Bc8 19. Kd3 Ba6+ 20. Nc4 c5 21. b3 Re6 22. g3 Rae8 23. Rhe1 h6 24. Nd2 f5 25. f3 fxe4+ 26. Rxe4 g5 27. Rae1 Kf7 28. h4 Bf6 29. hxg5 hxg5 30. Rxe6 Rxe6 31. Ne4 Be7 32. Rh1 Kg7 33. Rh5 Rh6 34. Rxh6 Kxh6 35. g4 Kg7 36. Ng3 Kf7 37. Ne4 Ke6 38. Kd2 Kd5 39. Kd3 Bb5 40. Nd2 Bd6 41. a4 Ba6 42. Ne4 Bf4 43. Nf6+ Ke6 44. Ne4 Kd5 45. Nf6+ Kc6 46. Ne4 Bc8 47. Na5+ Kd5 48. Nc4 Be6 49. Nf2 Bd6 50. Ne4 Be7 51. Na5 Bf7 52. Nc4 Be8 53. Ncd2 Ke5 54. Ke2 Kf4 55. Kf2 Bf7 56. Nc4 Bxc4 57. bxc4 d3 58. Nc3 c6 59. Nd1 Bf6 60. Kf1 Kxf3 61. Nf2 d2 62. Nd1 Bd4 63. a5 a6 64. Nf2 Bc3 65. Nd1 Bxa5 66. Nf2 Bb4 67. Nd1 a5 68. Nc3 Bxc3 0-1


[Site "https://www.chess.com"]

[Event "Titled Tuesday Blitz November 22 Late 2022"]
[White "Brown, Andrew"]
[Black "Toniutti, Ezio"]
[WhiteFideId "3206513"]
[BlackFideId "113034"]
[WhiteElo "2245"]
[BlackElo "2215"]
[Result "0-1"]
[Round "05"]
[TimeControl "180+1"]
[Date "2022.11.23"]
[WhiteClock "0:00:05"]
[BlackClock "0:00:13"]

1. d4 d5 2. c4 c6 3. Nc3 Nf6 4. g3 a6 5. Bg2 g6 6. Nh3 Bg7 7. cxd5 cxd5 8. Nf4 e6 9. h4 h5 10. O-O Nc6 11. b3 O-O 12. Ba3 Re8 13. e3 b5 14. Bc5 Bb7 15. Nd3 Rc8 16. a4 bxa4 17. b4 Nd7 18. Nxa4 Ncb8 19. Qb3 Bc6 20. Rfc1 Bb5 21. Bf1 Nc6 22. Nf4 Bxf1 23. Kxf1 Qc7 24. Qd3 Qb7 25. Rcb1 Na7 26. Nc3 e5 27. Nfxd5 exd4 28. exd4 Nb5 29. Nxb5 Qxd5 30. Kg1 axb5 31. Qxb5 Nf6 32. Ra7 Ng4 33. Qd3 Rcd8 34. Qb3 Qf5 35. Rd1 Qxf2+ 0-1


[Site "https://www.chess.com"]

[Event "Titled Tuesday Blitz November 22 Late 2022"]
[White "Burke, Paul"]
[Black "Rios Escobar, Adan"]
[WhiteFideId "2605767"]
[BlackFideId "3403645"]
[WhiteElo "1902"]
[BlackElo "2342"]
[Result "1-0"]
[Round "05"]
[TimeControl "180+1"]
[Date "2022.11.23"]
[WhiteClock "0:00:38"]
[BlackClock "0:00:01"]

1. e4 c5 2. d4 cxd4 3. c3 dxc3 4. Nxc3 Nc6 5. Nf3 d6 6. Bc4 a6 7. a3 Nf6 8. h3 g6 9. O-O Bg7 10. Qe2 O-O 11. Rd1 Bd7 12. Be3 b5 13. Ba2 Qb8 14. Rac1 Rc8 15. Ng5 Be8 16. f4 h6 17. Nf3 Na5 18. e5 dxe5 19. fxe5 Nh7 20. Nd5 Rxc1 21. Rxc1 Ra7 22. Bxa7 Qxa7+ 23. Qe3 Qxe3+ 24. Nxe3 Bd7 25. Rc7 Nf8 26. Nd5 e6 27. Nf6+ Bxf6 28. exf6 Bc6 29. Ne5 Be8 30. b4 Nc4 31. Nxc4 bxc4 32. Bxc4 Nd7 33. Bxa6 Nxf6 34. Rc8 Kg7 35. b5 g5 36. b6 Bd7 37. b7 1-0


[Site "https://www.chess.com"]

[Event "Titled Tuesday Blitz November 22 Late 2022"]
[White "Cardoso Cardoso, Jose Gabriel"]
[Black "Ibarra Jerez, Jose Carlos"]
[WhiteFideId "4430492"]
[BlackFideId "2226332"]
[WhiteElo "2484"]
[BlackElo "2638"]
[Result "0-1"]
[Round "05"]
[TimeControl "180+1"]
[Date "2022.11.22"]
[WhiteClock "0:00:05"]
[BlackClock "0:00:07"]

1. d4 d6 2. Nc3 Nf6 3. e4 e5 4. Nf3 exd4 5. Nxd4 Be7 6. Be2 O-O 7. O-O Re8 8. f4 Bf8 9. Bf3 c5 10. Nb3 Nc6 11. h3 a5 12. a4 Nb4 13. g4 Be6 14. Rf2 Qb6 15. g5 Nd7 16. Be3 Nxc2 17. Qxc2 Bxb3 18. Qd2 g6 19. h4 Bg7 20. h5 Qb4 21. Nb5 Rxe4 22. Bxe4 Qxe4 23. Nxd6 Qc6 24. Re1 Rd8 25. Qxa5 b6 26. Qb5 Bxa4 27. Qxc6 Bxc6 28. h6 Bf8 29. Nc4 Bd5 30. Ne5 Nxe5 31. fxe5 Be6 32. Rd2 Ra8 33. Red1 Be7 34. Bf4 Kf8 35. Kf2 Ke8 36. Be3 b5 37. Kf3 Ra4 38. Kf2 c4 39. Bb6 Bxg5 40. Rd6 Ra8 41. Rc6 Be7 42. Bc5 Bh4+ 43. Kf3 g5 44. Rc7 g4+ 45. Ke4 Bd8 46. Rc6 Bg5 47. Bb6 Bxh6 48. Rcd6 Bg5 49. Rh1 h6 50. Be3 Ke7 51. Bxg5+ hxg5 52. Rh5 Ra4 53. Rd4 Rb4 54. Rxg5 Rxb2 55. Rd6 Re2+ 56. Kf4 Rf2+ 57. Ke3 Rf3+ 58. Ke4 c3 59. Rc6 Bc4 60. Rxg4 Rf1 61. Rg2 Rd1 62. Rc5 Rd2 63. Rg3 c2 64. Rc3 Ke6 65. Ke3 Re2+ 66. Kf4 Ke7 67. Rc6 Kf8 68. Kf5 Kg7 69. Rc7 Be6+ 70. Kf4 Bc4 71. Rg3+ Kf8 72. Rc3 Rd2 73. Ke3 Rh2 74. Kd4 Rd2+ 75. Ke3 Rg2 76. Kf3 Rh2 77. Ke3 Rh3+ 78. Kd2 Rxc3 79. Kc1 Re3 80. Kxc2 Rxe5 81. Kc3 Kg7 82. Kd4 Rd5+ 83. Ke4 Kg6 84. Kf4 Rf5+ 85. Kg4 Rf6 86. Rc5 Re6 87. Kf4 Kf6 88. Rc7 Rb6 89. Ke4 Be6 90. Kd4 b4 91. Rc2 b3 92. Rf2+ Ke7 93. Rb2 Rd6+ 94. Kc5 f5 95. Rh2 Rd8 96. Rb2 Rc8+ 97. Kd4 Rc2 98. Rb1 b2 99. Kd3 Rh2 100. Re1 Kf6 101. Kc3 Ba2 0-1


[Site "https://www.chess.com"]

[Event "Titled Tuesday Blitz November 22 Late 2022"]
[White "Corrales Jimenez, Fidel"]
[Black "Barria Zuniga, Daniel"]
[WhiteFideId "3506690"]
[BlackFideId "3400816"]
[WhiteElo "2541"]
[BlackElo "2414"]
[Result "1-0"]
[Round "05"]
[TimeControl "180+1"]
[Date "2022.11.23"]
[WhiteClock "0:00:18"]
[BlackClock "0:00:02"]

1. e4 c5 2. d4 cxd4 3. c3 dxc3 4. Nxc3 Nc6 5. Nf3 e6 6. Bc4 a6 7. O-O Na5 8. Bd3 b5 9. e5 Bb7 10. Ne4 f5 11. Bg5 Qb8 12. Nd6+ Bxd6 13. exd6 Qxd6 14. Re1 Ne7 15. Ne5 O-O 16. Bxb5 Nd5 17. Bxd7 f4 18. b4 Rf5 19. Bxf4 Rxf4 20. bxa5 Raf8 21. Qb3 Ba8 22. f3 Qc5+ 23. Kh1 Qf2 24. Bxe6+ Kh8 25. Bxd5 Rh4 26. Nf7+ Kg8 27. Bxa8 g6 28. Ng5+ Kg7 29. Ne6+ Kh6 30. Nxf8 Qg3 31. Qe3+ Kg7 32. Qe5+ 1-0


[Site "https://www.chess.com"]

[Event "Titled Tuesday Blitz November 22 Late 2022"]
[White "Cortes Orihuela, Javier"]
[Black "Poliakova, Varvara"]
[WhiteFideId "3414329"]
[BlackFideId "13518313"]
[WhiteElo "2080"]
[BlackElo "2099"]
[Result "0-1"]
[Round "05"]
[TimeControl "180+1"]
[Date "2022.11.23"]
[WhiteClock "0:00:01"]
[BlackClock "0:01:21"]

1. d4 e5 2. dxe5 d6 3. c4 Nc6 4. Nc3 Nxe5 5. g3 Nf6 6. Bg2 Be7 7. Nf3 O-O 8. b3 c6 9. O-O Qc7 10. Bb2 Nxf3+ 11. Bxf3 Bh3 12. Bg2 Bxg2 13. Kxg2 Qd7 14. e4 Rad8 15. Qd4 a6 16. a4 Ne8 17. Rad1 Bf6 18. Qd2 Nc7 19. Rfe1 Ne6 20. e5 Ng5 21. f4 Qh3+ 22. Kh1 dxe5 23. Qg2 Qxg2+ 24. Kxg2 exf4 25. gxf4 Rxd1 26. Nxd1 Bxb2 27. Nxb2 Ne6 28. f5 Nd4 29. Re7 Rb8 30. f6 gxf6 31. Nd3 Nxb3 32. Nf4 Nc5 33. h4 Kf8 34. Rc7 Nxa4 35. h5 Nc5 36. h6 a5 37. Nh5 Ne6 38. Rd7 a4 39. Nxf6 a3 40. Nxh7+ Kg8 41. Nf6+ Kh8 42. Rxf7 Ng5 43. Rg7 a2 44. Nd7 a1=Q 45. Ne5 Qxe5 0-1


[Site "https://www.chess.com"]

[Event "Titled Tuesday Blitz November 22 Late 2022"]
[White "D`Arruda, Ricardo D."]
[Black "monkins"]
[WhiteFideId "100692"]
[WhiteElo "2526"]
[BlackElo "2315"]
[Result "1/2-1/2"]
[Round "05"]
[TimeControl "180+1"]
[Date "2022.11.23"]
[WhiteClock "0:00:40"]
[BlackClock "0:00:08"]

1. d4 Nf6 2. Nf3 c5 3. g3 g6 4. Bg2 Bg7 5. O-O O-O 6. c4 d6 7. Nc3 Nc6 8. dxc5 dxc5 9. Qxd8 Rxd8 10. Be3 Be6 11. Bxc5 Bxc4 12. Rfd1 Ba6 13. Kf1 Nd7 14. Be3 e6 15. Nd4 Nxd4 16. Bxd4 Nb6 17. Bxg7 Kxg7 18. Ne4 Rxd1+ 19. Rxd1 Rc8 20. Bf3 Rc2 21. Rd2 Rxd2 22. Nxd2 Nc4 23. Nxc4 Bxc4 24. a3 b6 25. Ke1 e5 26. Bc6 f5 27. f4 exf4 28. gxf4 h6 29. e3 Kf6 30. Kf2 g5 31. Kg3 Bd3 32. h4 Bc2 33. Be8 gxf4+ 34. Kxf4 Bb1 35. Bd7 Bc2 36. Bc6 Bb1 37. b4 Bd3 38. Bf3 a5 39. Bh5 axb4 40. axb4 Bc2 41. Be8 Bb1 42. Bc6 Bc2 43. Bd5 Bb1 44. Bf3 Bc2 45. Bg2 Bb1 46. Bh3 Bc2 47. Bg2 Bb1 48. Bf1 Bc2 49. Be2 Bb1 50. Bc4 Bc2 51. Bd5 Bb1 52. Bf3 Bc2 53. Bg2 1/2-1/2


[Site "https://www.chess.com"]

[Event "Titled Tuesday Blitz November 22 Late 2022"]
[White "De Souza, Cristiano Gomes"]
[Black "Graif, William"]
[WhiteFideId "2151758"]
[BlackFideId "2609835"]
[WhiteElo "2068"]
[BlackElo "2205"]
[Result "0-1"]
[Round "05"]
[TimeControl "180+1"]
[Date "2022.11.23"]
[WhiteClock "0:00:14"]
[BlackClock "0:00:18"]

1. d4 Nf6 2. c4 e5 3. dxe5 Ng4 4. Bf4 Nc6 5. Nf3 f6 6. exf6 Qxf6 7. e3 Qxb2 8. Nbd2 Nb4 9. Nd4 Bc5 10. Rb1 Qxa2 11. Qb3 Qxb3 12. N2xb3 Bxd4 13. Nxd4 Na6 14. h3 Nf6 15. Nb5 d6 16. Be2 Bd7 17. Bf3 Bc6 18. Bxc6+ bxc6 19. Nd4 Kd7 20. O-O Nc5 21. Ra1 Rhb8 22. Ra3 a5 23. Rfa1 a4 24. Ne2 Nfe4 25. Nc3 Nxc3 26. Rxc3 Rb3 27. Rc2 a3 28. f3 Nd3 29. Kf1 Nb4 30. Rd2 a2 31. Ke2 Rb1 32. Raxa2 Rxa2 33. Rxa2 Nxa2 0-1


[Site "https://www.chess.com"]

[Event "Titled Tuesday Blitz November 22 Late 2022"]
[White "Deac, Bogdan-Daniel"]
[Black "Chigaev, Maksim"]
[WhiteFideId "1226380"]
[BlackFideId "4108116"]
[WhiteElo "2648"]
[BlackElo "2541"]
[Result "1/2-1/2"]
[Round "05"]
[TimeControl "180+1"]
[Date "2022.11.22"]
[WhiteClock "0:00:21"]
[BlackClock "0:00:09"]

1. d4 Nf6 2. Nf3 g6 3. Nbd2 Bg7 4. e4 O-O 5. Be2 c5 6. dxc5 Qc7 7. O-O Qxc5 8. c3 d6 9. h3 b6 10. Bd3 Bb7 11. Nb3 Qc7 12. Re1 Nbd7 13. Qe2 a6 14. Bd2 Rfe8 15. Rad1 b5 16. Rc1 Nb6 17. Na5 Nfd7 18. Nxb7 Qxb7 19. b3 Nc5 20. Bc2 Rac8 21. Bb1 Ncd7 22. Bd3 Rc7 23. a4 bxa4 24. Bxa6 Qb8 25. bxa4 Nxa4 26. Bb5 Nac5 27. Rb1 Qc8 28. Nd4 Rf8 29. f3 Ne5 30. Rec1 h5 31. Be1 Bh6 32. Bd2 Bxd2 33. Qxd2 Ne6 34. Nxe6 Qxe6 35. Be2 Kg7 36. f4 Nd7 37. Qd4+ Qf6 38. Bf3 e5 39. fxe5 Nxe5 40. Be2 Rfc8 41. Kh1 Nd7 42. Rf1 Qe5 43. Rbd1 Rxc3 44. Qxd6 Qxd6 45. Rxd6 Ne5 46. Rd5 Re8 47. Rfd1 Re7 48. Bf1 Re3 49. R5d4 h4 50. Kg1 g5 51. Kf2 Ra3 52. Rd5 Ra2+ 53. Kg1 Ra4 54. Bd3 f6 55. Bc2 Rb4 56. Kh1 Rb2 57. Bd3 Ng6 58. Rd4 Nf4 59. Bf1 Rf2 60. Kg1 Rb2 61. Rc1 Rb6 62. Ra1 Rbe6 63. Raa4 Re5 64. Rab4 Ne6 65. Rdc4 Nc5 66. Rb8 Nxe4 67. Rcc8 Nd6 68. Rg8+ Kf7 69. Rbf8+ Ke6 70. Rg6 Ne4 71. Bd3 Kd5 72. Bxe4+ Rxe4 73. Rgxf6 R7e5 74. Kh2 Kd4 75. Rf5 Ke3 76. Rf3+ Kd4 77. Rd8+ Kc4 78. Rc8+ Kd4 79. Rd8+ Kc4 80. Ra3 Kb4 81. Rad3 Kc4 82. Rd1 Kb4 83. Rb1+ Kc5 84. Rc1+ Kb6 85. Rb8+ Ka7 86. Rb2 Ra5 87. Rc7+ Ka6 88. Rc8 Ka7 89. Rg8 Re7 90. Rg6 Ree5 91. Rb4 Rab5 92. Rg4 Kb7 93. Rd4 Kc7 94. Ra4 Kb7 95. Rd4 Kc7 96. Rg4 Kb7 97. Rc4 Rbc5 98. Rb4+ Rb5 99. Rg4 Kc7 100. Rh6 Kb7 101. Rd4 Rbc5 102. Rd7+ Rc7 103. Rdd6 Ka7 104. Ra6+ Kb7 105. Rab6+ Ka7 106. Rbg6 Rd7 107. Rg8 Kb7 108. Rhg6 Rdd5 109. R8g7+ Kc8 110. Rh7 Rf5 111. Rg8+ Rd8 112. Rg6 Rc5 113. Ra7 Kb8 114. Rag7 Rb5 115. Rxg5 Rxg5 116. Rxg5 Rh8 117. Rg4 Kc7 118. Rd4 Kc6 119. g4 hxg3+ 120. Kxg3 Kc5 121. Rd2 Rg8+ 122. Kf4 Rh8 123. Kg4 Rg8+ 124. Kf5 Rh8 125. Rh2 Kd6 126. Kf6 Rh4 127. Kg5 Rh8 128. Kg6 Ke7 129. Kg7 Rh4 130. Re2+ Kd6 131. Re3 Kd5 132. Kg6 Kd4 133. Ra3 Ke5 134. Kg5 Rh8 135. Re3+ Kd4 136. Ra3 Ke5 137. h4 Rg8+ 138. Kh6 Rh8+ 139. Kg5 Rg8+ 140. Kh5 Rh8+ 141. Kg4 Rg8+ 142. Kh3 Kf6 143. Ra6+ Kg7 144. Ra5 Kh8 145. Rg5 Rxg5 146. hxg5 Kg7 147. Kg4 Kg6 148. Kf4 Kg7 149. Kf5 Kf7 150. g6+ Kg7 151. Kg5 Kg8 152. Kg4 Kg7 153. Kh5 Kg8 154. Kh6 Kh8 155. Kg5 Kg7 156. Kf5 Kg8 157. Kf6 Kf8 158. g7+ Kg8 159. Kg6 1/2-1/2


[Site "https://www.chess.com"]

[Event "Titled Tuesday Blitz November 22 Late 2022"]
[White "Desideri, Ricardo Maruchi"]
[Black "Santos Flores, Alberto"]
[WhiteFideId "2110440"]
[BlackFideId "3601234"]
[WhiteElo "1945"]
[BlackElo "2235"]
[Result "0-1"]
[Round "05"]
[TimeControl "180+1"]
[Date "2022.11.23"]
[WhiteClock "0:00:15"]
[BlackClock "0:01:12"]

1. e4 c5 2. Nf3 Nc6 3. d4 cxd4 4. Nxd4 g6 5. Nc3 Bg7 6. Be3 Nf6 7. Bc4 O-O 8. Bb3 d6 9. h4 Ng4 10. Nxc6 Nxe3 11. Nxd8 Nxd1 12. Rxd1 Rxd8 13. h5 Be6 14. hxg6 hxg6 15. Rd3 Rac8 16. Kd2 Rc5 17. f4 Rdc8 18. Nd5 Bxd5 19. Rxd5 Bxb2 20. Rxc5 Rxc5 21. Rh3 Bf6 22. Rf3 b5 23. g4 g5 24. fxg5 Rxg5 25. Rg3 e6 26. a4 Kg7 27. axb5 Rxb5 28. Kd3 Rc5 29. c4 Ra5 30. Kc2 Ra1 31. g5 Be5 32. Rg2 a5 33. g6 a4 34. gxf7+ Kxf7 35. Bxa4 Ra2+ 0-1


[Site "https://www.chess.com"]

[Event "Titled Tuesday Blitz November 22 Late 2022"]
[White "Drygalov, Andrey"]
[Black "Bobadilla Viera, Jorge Samuel"]
[WhiteFideId "24171735"]
[BlackFideId "3906353"]
[WhiteElo "2472"]
[BlackElo "2212"]
[Result "1-0"]
[Round "05"]
[TimeControl "180+1"]
[Date "2022.11.22"]
[WhiteClock "0:00:03"]
[BlackClock "0:01:07"]

1. e4 c5 2. Nf3 d6 3. d4 cxd4 4. Nxd4 Nf6 5. Nc3 a6 6. Be3 e6 7. f3 b5 8. Qd2 Bb7 9. g4 Nfd7 10. h4 Nb6 11. Nb3 Nc4 12. Bxc4 bxc4 13. Nd4 Nd7 14. g5 Be7 15. h5 Qa5 16. O-O-O Rb8 17. g6 Nc5 18. gxf7+ Kxf7 19. Rdg1 Ba8 20. Bg5 Bf6 21. Bxf6 gxf6 22. Qh6 Rbg8 23. Rxg8 Rxg8 24. Qxh7+ Rg7 25. Qh6 Na4 26. Nxa4 Qxa4 27. Nxe6 Rg2 28. Nd4 Qxa2 29. Qh7+ Rg7 30. Qf5 Qa1+ 31. Kd2 Qxh1 32. Qe6+ Kf8 33. Qc8+ Kf7 34. Qe6+ Kf8 35. Qc8+ Kf7 36. Qxa8 Qxh5 37. Qc8 Qa5+ 38. c3 Qg5+ 39. Kc2 Qc5 40. Qe6+ Kf8 41. Qxf6+ Rf7 42. Ne6+ Ke8 43. Qd8# 1-0


[Site "https://www.chess.com"]

[Event "Titled Tuesday Blitz November 22 Late 2022"]
[White "Drygalov, Sergey"]
[Black "Jaracz, Pawel"]
[WhiteFideId "24171743"]
[BlackFideId "1102222"]
[WhiteElo "2528"]
[BlackElo "2459"]
[Result "1-0"]
[Round "05"]
[TimeControl "180+1"]
[Date "2022.11.22"]
[WhiteClock "0:00:33"]
[BlackClock "0:00:58"]

1. d4 Nf6 2. c4 e6 3. Nc3 Bb4 4. e3 O-O 5. Bd3 d5 6. a3 Bxc3+ 7. bxc3 c5 8. cxd5 exd5 9. Ne2 Qc7 10. O-O Nbd7 11. f3 Re8 12. Ng3 h5 13. e4 h4 14. Nf5 cxd4 15. cxd4 dxe4 16. fxe4 Nf8 17. Bf4 Qc3 18. Rc1 Qxa3 19. Nd6 Rd8 20. e5 Nd5 21. Bg5 Rxd6 22. exd6 h3 23. Qf3 Be6 24. Bh7+ 1-0


[Site "https://www.chess.com"]

[Event "Titled Tuesday Blitz November 22 Late 2022"]
[White "Feng, Eric"]
[Black "Silva, Caio Henrique Angelico"]
[WhiteFideId "30952590"]
[BlackFideId "22777210"]
[WhiteElo "1785"]
[BlackElo "1990"]
[Result "1-0"]
[Round "05"]
[TimeControl "180+1"]
[Date "2022.11.23"]
[WhiteClock "0:01:01"]
[BlackClock "0:00:50"]

1. d4 Nf6 2. c4 g6 3. Nf3 Bg7 4. g3 O-O 5. Bg2 d6 6. O-O Nc6 7. Nc3 e5 8. d5 Na5 9. Nd2 c5 10. dxc6 Nxc6 11. Nde4 Nxe4 12. Nxe4 Be6 13. Nxd6 Qc7 14. Nb5 Qc8 15. b3 Rd8 16. Qc2 a6 17. Nc3 Nd4 18. Qe4 Rb8 19. Bb2 b5 20. cxb5 axb5 21. Rac1 Qa6 22. e3 Nf5 23. Rfd1 Nd6 24. Qc6 Qxc6 25. Bxc6 b4 26. Nd5 Ne4 27. Ne7+ Kf8 28. Nxg6+ hxg6 29. Bxe4 f5 30. Bc6 e4 31. Bxg7+ Kxg7 32. Kg2 Rbc8 33. Rxd8 Rxd8 34. Bb5 Rd2 35. Rc6 Bd5 36. Rd6 Kf7 37. Bc4 Bxc4 38. Rxd2 Bd3 39. Rxd3 exd3 40. Kf1 Ke6 41. Ke1 Kd5 42. f3 g5 43. Kd2 g4 44. fxg4 fxg4 45. Kxd3 Ke5 46. e4 1-0


[Site "https://www.chess.com"]

[Event "Titled Tuesday Blitz November 22 Late 2022"]
[White "Fernandez Siles, Luis"]
[Black "Souleidis, Georgios"]
[WhiteFideId "2209420"]
[BlackFideId "4206827"]
[WhiteElo "2186"]
[BlackElo "2401"]
[Result "0-1"]
[Round "05"]
[TimeControl "180+1"]
[Date "2022.11.23"]
[WhiteClock "0:00:01"]
[BlackClock "0:00:13"]

1. d4 Nf6 2. c4 g6 3. Nc3 Bg7 4. e4 d6 5. Nf3 O-O 6. Be2 e5 7. O-O Bg4 8. dxe5 Bxf3 9. Bxf3 dxe5 10. Qb3 b6 11. Rd1 Qc8 12. Nd5 Nc6 13. Qb5 Nxd5 14. Qxc6 Nb4 15. Qa4 c5 16. Bg5 Nc6 17. Rd5 Nd4 18. Bd1 f5 19. exf5 Qxf5 20. Be3 Qe6 21. Qd7 Qxd7 22. Rxd7 Rf7 23. Rxf7 Kxf7 24. Bxd4 exd4 25. Bf3 Re8 26. Bd5+ Kf8 27. Kf1 d3 28. Re1 Bxb2 29. Rxe8+ Kxe8 30. Ke1 Bc3+ 31. Kd1 Ke7 32. Be4 d2 33. Ke2 Kf6 34. Bc2 h6 35. Kd3 Bb4 36. Bd1 g5 37. g4 Ke5 38. Ke3 a6 39. h3 b5 40. Kd3 bxc4+ 41. Kxc4 Kf4 42. Kd5 a5 43. Kc4 a4 44. Kb5 a3 45. Kc4 Ke4 46. Kb3 Kd3 47. Bf3 Ba5 48. Bd1 c4+ 49. Kxa3 c3 50. Kb3 Bc7 51. a4 Ba5 52. f3 Bc7 53. Bc2+ Ke2 0-1


[Site "https://www.chess.com"]

[Event "Titled Tuesday Blitz November 22 Late 2022"]
[White "Firouzja, Alireza"]
[Black "Andreikin, Dmitry"]
[WhiteFideId "12573981"]
[BlackFideId "4158814"]
[WhiteElo "2903"]
[BlackElo "2736"]
[Result "1-0"]
[Round "05"]
[TimeControl "180+1"]
[Date "2022.11.22"]
[WhiteClock "0:00:23"]
[BlackClock "0:00:12"]

1. d4 d5 2. Bg5 h6 3. Bh4 Nf6 4. e3 c5 5. Bxf6 exf6 6. Ne2 Nc6 7. g3 Bg4 8. Bg2 cxd4 9. exd4 Qb6 10. Nbc3 Bb4 11. O-O Bxc3 12. bxc3 O-O 13. Bxd5 Qa5 14. c4 Rfe8 15. f3 Bh3 16. Re1 Bf5 17. c3 Re3 18. Qd2 Rd3 19. Qb2 Qb6 20. Qc1 g5 21. Rb1 Qc7 22. Rb5 Bg6 23. Qb2 Re8 24. Rxb7 Qd6 25. Qb5 Rc8 26. Bxf7+ Bxf7 27. Qf5 Ne7 28. Qxd3 Bxc4 29. Qe4 Re8 30. Nf4 f5 31. Qe5 1-0


[Site "https://www.chess.com"]

[Event "Titled Tuesday Blitz November 22 Late 2022"]
[White "Forgacs, Attila Jr."]
[Black "Sabar, Ethmane Daouda"]
[WhiteFideId "773654"]
[BlackFideId "19600097"]
[WhiteElo "2168"]
[BlackElo "1950"]
[Result "1-0"]
[Round "05"]
[TimeControl "180+1"]
[Date "2022.11.23"]
[WhiteClock "0:00:08"]
[BlackClock "0:00:33"]

1. e4 c5 2. Nf3 Nc6 3. d4 cxd4 4. Nxd4 e5 5. Nb5 a6 6. Nd6+ Bxd6 7. Qxd6 Qf6 8. Qxf6 Nxf6 9. Nc3 b5 10. a3 d6 11. Bg5 Be6 12. O-O-O Ke7 13. Nd5+ Bxd5 14. Rxd5 Rhd8 15. c3 h6 16. Bxf6+ Kxf6 17. Be2 Rac8 18. Rhd1 Ke7 19. Kb1 g6 20. a4 Rb8 21. axb5 axb5 22. Bxb5 Na5 23. Be2 Nb3 24. Kc2 Nc5 25. f3 Rb6 26. Ra1 Rdb8 27. b4 Ne6 28. g3 f5 29. Bc4 Rc8 30. Ra7+ Kf6 31. Bb3 fxe4 32. fxe4 Ng5 33. Kd3 h5 34. h4 Ne6 35. Rda5 Nc7 36. Bd5 Nb5 37. Rf7# 1-0


[Site "https://www.chess.com"]

[Event "Titled Tuesday Blitz November 22 Late 2022"]
[White "Gascon Del Nogal, Jose Rafael"]
[Black "Romero Ruscalleda, Josep"]
[WhiteFideId "3902463"]
[BlackFideId "2231859"]
[WhiteElo "2473"]
[BlackElo "2183"]
[Result "1-0"]
[Round "05"]
[TimeControl "180+1"]
[Date "2022.11.23"]
[WhiteClock "0:00:12"]
[BlackClock "0:00:01"]

1. Nf3 g6 2. d4 Bg7 3. e4 d6 4. Bc4 Nf6 5. Qe2 O-O 6. h3 c6 7. Bb3 e5 8. dxe5 dxe5 9. O-O Qc7 10. Re1 Nbd7 11. c3 Nc5 12. Bc2 Be6 13. b4 Ncd7 14. Ng5 Rfe8 15. Nxe6 Rxe6 16. a4 a5 17. Nd2 Bf8 18. b5 Nh5 19. Nf3 cxb5 20. Bb3 Rf6 21. Bg5 Qxc3 22. Bxf6 Ndxf6 23. Qxb5 Bb4 24. Bxf7+ Kg7 25. Bc4 Re8 26. Rec1 Qb2 27. Rab1 Qa3 28. Nxe5 Nf4 29. Qxb7+ Re7 30. Qb8 Nxh3+ 31. gxh3 Qxh3 32. Nd3 Ng4 33. Qg3 Qh5 34. Nxb4 axb4 35. Bd5 b3 36. Rxb3 1-0


[Site "https://www.chess.com"]

[Event "Titled Tuesday Blitz November 22 Late 2022"]
[White "Gerbelli Neto, Eduardo"]
[Black "Dudzinski, Pawel"]
[WhiteFideId "2103281"]
[BlackFideId "1117890"]
[WhiteElo "2178"]
[BlackElo "2086"]
[Result "0-1"]
[Round "05"]
[TimeControl "180+1"]
[Date "2022.11.23"]
[WhiteClock "0:00:01"]
[BlackClock "0:00:05"]

1. e4 c6 2. d4 d5 3. exd5 cxd5 4. c4 Nf6 5. Nc3 g6 6. cxd5 Bg7 7. Qb3 O-O 8. Be2 Nbd7 9. Bf3 Nb6 10. a4 a5 11. Nge2 Bf5 12. Bf4 Bd3 13. d6 exd6 14. O-O Bc4 15. Qd1 Nbd5 16. Bg3 Re8 17. Re1 Nxc3 18. Nxc3 Rxe1+ 19. Qxe1 Qb6 20. Qd2 Re8 21. h3 h6 22. Bf4 Kh7 23. Nb5 Ne4 24. Bxe4 Rxe4 25. Nxd6 Rxd4 26. Nxc4 Rxc4 27. Be3 Qxb2 28. Qxb2 Bxb2 29. Rb1 Rb4 30. Bd2 Bc3 31. Rxb4 Bxb4 32. Be3 Kg7 33. Kf1 h5 34. Ke2 Kf6 35. Kd3 Ke5 36. Kc4 Ke4 37. Bb6 f5 38. Kb5 Kd3 39. Bxa5 Bxa5 40. Kxa5 Ke2 41. Kb6 Kxf2 42. a5 Kxg2 43. Kxb7 f4 44. a6 f3 45. a7 f2 46. a8=Q f1=Q 47. Kb6+ Qf3 48. Qg8 Qe3+ 49. Kb5 Qe5+ 50. Kc6 Qe4+ 51. Kc5 Kxh3 52. Qb3+ Kh4 53. Qg8 g5 54. Kd6 g4 55. Qd8+ Kh3 56. Qa5 Qg6+ 57. Ke7 g3 58. Qd2 g2 0-1


[Site "https://www.chess.com"]